 Dungeon Crawl Stone Soup version 0.20.1-1-g8b1a95d (console) character file.

9 Goblin1989 the Firebug (level 2, 0/19 HPs)
             Began as a Demonspawn Fire Elementalist on July 8, 2017.
             Slain by a jackal (2 damage)
             ... on level 1 of the Dungeon.
             The game lasted 00:02:04 (374 turns).

Goblin1989 the Firebug (DsFE)                        Turns: 374, Time: 00:02:05

Health: 0/19       AC:  2    Str:  8    XL:     2   Next: 6%
Magic:  0/5        EV: 12    Int: 16    God:
Gold:   41         SH:  0    Dex: 13    Spells: 4/5 levels left

rFire    . . .     SeeInvis .   Y - +0 club
rCold    . . .     Gourm    .   (no shield)
rNeg     . . .     Faith    .   a - +0 robe
rPois    .         Spirit   .   (helmet restricted)
rElec    .         Reflect  .   (no cloak)
rCorr    .         Harm     .   (no gloves)
MR       .....                  (no boots)
Stlth    ++........             (no amulet)
Regen    0.1/turn               (no ring)
MPRegen  0.1/turn               (no ring)

@: very slightly contaminated
A: antennae 1
a: no special abilities


You were on level 1 of the Dungeon.
You were not hungry.

You visited 1 branch of the dungeon, and saw 1 of its levels.

You collected 41 gold pieces.

Inventory:

Hand Weapons
 Y - a +0 club (weapon)
Missiles
 Z - a throwing net (quivered) {!d}
Armour
 a - a +0 robe (worn)
Scrolls
 W - a scroll of blinking {unknown}
Books
 b - a book of Flames

   Spells                             Type                      Level
   a - Flame Tongue                   Conjuration/Fire             1
   b - Throw Flame                    Conjuration/Fire             2
   c - Conjure Flame                  Conjuration/Fire             3
   d - Inner Flame                    Hexes/Fire                   3
   e - Sticky Flame                   Conjuration/Fire             4
   f - Fireball                       Conjuration/Fire             5
Comestibles
 e - a bread ration {@e1}
 X - a chunk of flesh


   Skills:
 - Level 1.7 Dodging
 - Level 1.7 Stealth
 + Level 2.1 Spellcasting
 * Level 1.4 Conjurations
 * Level 2.9 Fire Magic


You had 4 spell levels left.
You knew the following spells:

 Your Spells              Type           Power        Failure   Level  Hunger
a - Flame Tongue          Conj/Fire      #....        9%          1    #......


Dungeon Overview and Level Annotations

Branches:
Dungeon (1/15)

Altars:


Innate Abilities, Weirdness & Mutations

You have a pair of small antennae on your head.


Message History

You hit the jackal.
You kill the jackal!
You have reached level 2!
Your demonic ancestry asserts itself...
A pair of antennae grows on your head! The jackal closely misses you.
You regained 2 hp, and now have 6/19 hp.
The jackal bites you.
* * * LOW HITPOINT WARNING * * *
You take 2 damage, and have 4/19 hp.
The jackal bites you.
* * * LOW HITPOINT WARNING * * *
You take 2 damage, and have 2/19 hp.
The jackal barely misses you. The jackal closely misses you.
Casting: Flame Tongue
Confirm with . or Enter, or press ? or * to list all spells.
Aiming: Flame Tongue
Press: ? - help, Shift-Dir - straight line, f - jackal
Aim: a jackal The flame tongue hits the jackal.
The jackal appears unharmed.
The jackal bites you but does no damage.
You now have 0/5 mp.
The jackal closely misses you.
Casting: Flame Tongue
Confirm with . or Enter, or press ? or * to list all spells.
You don't have enough magic to cast that spell.
Unknown command.
You closely miss the jackal. The jackal closely misses you.
The jackal bites you.
* * * LOW HITPOINT WARNING * * *
You hit the jackal.
The jackal is moderately wounded.
The jackal closely misses you. The jackal misses you.
You hit the jackal but do no damage. The jackal barely misses you.
You barely miss the jackal. The jackal closely misses you.
The jackal bites you but does no damage.
Casting: Flame Tongue
Confirm with . or Enter, or press ? or * to list all spells.
Aiming: Flame Tongue
Press: ? - help, Shift-Dir - straight line, f/p - jackal
Aim: a jackal The flame tongue hits the jackal.
The jackal is moderately wounded.
The jackal bites you.
* * * LOW HITPOINT WARNING * * *
The jackal closely misses you.
You take 1 damage, and have 1/19 hp.
You now have 0/5 mp.
Unknown command.
There is an open door here.
The jackal misses you. The jackal barely misses you.
The jackal barks!
There is an open door here.
The jackal closely misses you. The jackal barely misses you.
The jackal barely misses you.
The jackal bites you but does no damage.
Casting: Flame Tongue
Confirm with . or Enter, or press ? or * to list all spells.
Aiming: Flame Tongue
Press: ? - help, Shift-Dir - straight line, f - jackal, p - jackal
Aim: a jackal You miscast Flame Tongue.
You are very lightly contaminated with residual magic.
You hear a sizzling sound.
The jackal barely misses you. The jackal misses you.
You now have 0/5 mp.
Unknown command.
You barely miss the jackal.
The jackal is moderately wounded.
The jackal bites you but does no damage.
The jackal closely misses you.
You barely miss the jackal.
The jackal is moderately wounded.
The jackal bites you but does no damage.
You completely miss the jackal.
The jackal is moderately wounded.
The jackal bites you.
* * * LOW HITPOINT WARNING * * *
The jackal barely misses you.
You take 1 damage, and have 1/19 hp.
You completely miss the jackal.
The jackal is moderately wounded.
The jackal closely misses you. The jackal barely misses you.
Casting: Flame Tongue
Confirm with . or Enter, or press ? or * to list all spells.
Aiming: Flame Tongue
Press: ? - help, Shift-Dir - straight line, f/p - jackal
Aim: a jackal The flame tongue hits the jackal.
You kill the jackal!
You now have 0/5 mp.
You barely miss the jackal. The jackal completely misses you.
The jackal barely misses you.
You hit the jackal but do no damage. The jackal completely misses you.
The jackal barely misses you.
You hit the jackal but do no damage. The jackal closely misses you.
The jackal bites you.
You die...

█.......$.█...........██████
█..?..h..(█...........█....█
█......h..█...........█....█
███...██████████████....█....█
...................∆....∆h...▲
████∆████████.██████...h█....█
█.███.......█ █....█....█
███.....████..██████████....███
................@hh..............
██.█.....██....██████..██████████
█......██████████████.███████
█............................
....█.██████...██████...██████
█████.█....█...█....█...█....█
█.█.>..█...█....█...█..<.█
█....██∆██....██▲██....█ █
██∆███...██∆███...███∆██ ..


You could see 2 jackals.

Vanquished Creatures
  A leopard gecko (D:1)
  A giant cockroach (D:1)
  2 jackals (D:1)
  3 bats (D:1)
  A frilled lizard (D:1)
  A kobold (D:1)
9 creatures vanquished.

Notes
Turn   | Place    | Note
-------+----------+-------------------------------------------
     0 | D:1      | Goblin1989 the Demonspawn Fire Elementalist began the quest for the Orb.
     0 | D:1      | Reached XP level 1. HP: 13/13 MP: 3/3
   331 | D:1      | Gained mutation: You have a pair of small antennae on your head. [demonic ancestry]
   331 | D:1      | Reached XP level 2. HP: 6/19 MP: 0/5
   374 | D:1      | Slain by a jackal

Action                   || total
-------------------------++-------
Melee: Unarmed           ||     5
       Club              ||    14
 Cast: Flame Tongue      ||    19
Armor: Robe              ||    10
Dodge: Dodged            ||    49

Vault maps used:
D:1:      arrival_zaba_pyramid, hangedman_feature_mirror,
          minmay_shallow_snake_nest
